 Dungeon Crawl Stone Soup version 0.31-a0-691-g409c26aa35 (webtiles) character file.

Game seed: 311842167069384585

6832 qw the Skirmisher (level 11, 0/68 HPs)
             Began as a Gargoyle Hunter on Sept 6, 2023.
             Was a High Priest of Okawaru.
             Slain by a yak (7 damage)
             ... led by a torpor snail
             ... on level 1 of the Lair of Beasts.
             The game lasted 00:03:56 (8110 turns).

qw the Skirmisher (Gargoyle Hunter)                 Turns: 8110, Time: 00:03:56

Health: 0/68       AC: 20    Str: 15    XL:     11   Next: 5%
Magic:  16/16      EV: 17    Int: 10    God:    Okawaru [*****.]
Gold:   275        SH:  0    Dex: 17    Spells: 10/10 levels left

rFire   . . .        n - +1 orcbow
rCold   + . .        (shield currently unavailable)
rNeg    + . .        d - +2 leather armour {rC+}
rPois   inf          m - +2 helmet
rElec   +            b - +2 cloak
rCorr   .            (no gloves)
SInv    .            (no boots)
Will    .....        j - amulet of faith
Stlth   +++          (no ring)
HPRegen 0.31/turn    (no ring)
MPRegen 0.15/turn

%: faith
@: heroic, slowed, very slow
A: sickness immunity, AC +8, negative energy resistance 1, electricity
resistance, torment resistance 1, petrification resistance
a: Renounce Religion, Heroism, Finesse, Duel


You were on level 1 of the Lair of Beasts.
You worshipped Okawaru.
Okawaru was extremely pleased with you.
You visited 3 branches of the dungeon, and saw 10 of its levels.
You also visited: Sewer.

You collected 412 gold pieces.
You spent 137 gold pieces at shops.


Innate Abilities, Weirdness & Mutations

You are immune to sickness and miasma.
Your stone body is resilient. (AC +8)
You are immune to poison.
You resist negative energy. (rN+)
You are resistant to electric shocks. (rElec)
You are resistant to unholy torment.
You are immune to petrification.


   Skills:
 + Level 8.1(13.1) Fighting
 - Level 13.0(18.0) Ranged Weapons
 - Level 2.8(7.8) Armour
 - Level 4.0(9.0) Dodging
 - Level 1.1(6.1) Stealth
 + Level 6.9 Invocations


You had 10 spell levels left.
You didn't know any spells.
Your spell library was empty.

Inventory:

Hand Weapons
 n - a +1 orcbow (weapon)
Armour
 b - a +2 cloak (worn)
 d - a +2 leather armour of cold resistance (worn)
 l - +0 steam dragon scales
 m - a +2 helmet (worn)
Jewellery
 j - an amulet of faith (around neck)
Scrolls
 c - 5 scrolls of identify
Potions
 e - 2 potions of might
 f - a potion of mutation
 g - 4 potions of curing
 h - 3 potions of haste
 i - a potion of enlightenment
 k - a potion of cancellation
 o - a potion of magic

Dungeon Overview and Level Annotations

Branches:
Dungeon (8/15)             Temple (1/1) D:4            Lair (1/5) D:8
  Sewer (visited)

Altars:
Ashenzari
Dithmenos
Elyvilon
Fedhas
Gozag
Hepliaklqana
Kikubaaqudgha
Makhleb
Nemelex Xobeh
Okawaru
Qazlal
Ru
Trog
Uskayaw
Vehumet
Wu Jian
Xom
Yredelemnul
Zin
The Shining One

Shops:
D:1 [   D:2 *   D:4 !   D:5 :

Annotations:
D:2 1 runed translucent door, Crazy Yiuf
D:3 2 runed translucent doors, qw's ghost, amateur GrHs


Message History

The black mamba barely misses you.
You shoot an arrow. The arrow hits the black mamba!
The black mamba is moderately wounded.
The black mamba bites you but does no damage.
You shoot an arrow. The arrow hits the black mamba.
The black mamba is moderately wounded.
The black mamba closely misses you.
Being near the torpor snail leaves you feeling lethargic.
Enter note:
8098 |||
Found retreat position at 2,-3 (floor) with 0 blocking monsters and 1 monsters attacking at destination at distance 3
Enter note:
8098 ||| Stepping ~*~*~tactically~*~*~ (retreating).
You feel yourself speed up. The black mamba closely misses you.
The black mamba misses you.
You shoot an arrow. The arrow hits the black mamba!
The black mamba is severely wounded.
The black mamba bites you.
Enter note:
8100 |||
Found retreat position at 2,-2 (floor) with 0 blocking monsters and 1 monsters attacking at destination at distance 2
8100 ||| Stepping ~*~*~tactically~*~*~ (retreating).
Your surroundings suddenly seem different.
You start resting.
Being near the torpor snail leaves you feeling lethargic.
A torpor snail is nearby!
You shoot an arrow. The arrow hits the torpor snail!
The torpor snail is lightly wounded.
You shoot an arrow. The arrow hits the torpor snail!
The torpor snail is moderately wounded.
You shoot an arrow.
The arrow hits the torpor snail but does no damage.
The torpor snail is moderately wounded.
You shoot an arrow. The arrow hits the torpor snail!
The torpor snail is heavily wounded.
You shoot an arrow. The arrow hits the yak!
The yak is heavily wounded.
Enter note:
8110 |||
Found retreat position at 2,-5 (floor) with 0 blocking monsters and 2 monsters attacking at destination at distance 5 x2
8110 ||| RETREATING.
The yak gores you!
You die...

#.#...8...## ##
##%........## ###P
#.Y.8..>..8..## .##
#...
#...w..........##..#
# #.Y.....8.Y.....#.#
##
#.....#.....w......#
...#.
#...8..#........8..##
.....
#.....##..8....Y....#
.... #$.F.S
#.....##.@...##..#
...#
#.....##..........
:.#
#.....##....%.....
....
#.....##......%...
.##
................... #
#.................##
...........#......#
##............#
##............


You could see a torpor snail and 2 yaks.

Vanquished Creatures
  2 cane toads (Lair:1)
  4 blink frogs (Lair:1)
  Sigmund (D:3)
  2 yaks (Lair:1)
  Eustachio (D:5)
  4 wyverns
  2 steam dragons
  Menkaure (D:5)
  9 water moccasins
  Duvessa (D:5)
  2 orc warriors
  5 black bears (D:8)
  2 wolves (D:8)
  3 centaurs
  A phantom (D:6)
  A kobold brigand (Sewer)
  3 bullfrogs
  A gnoll sergeant (D:7)
  A necrophage (D:6)
  3 scorpions
  3 wights (D:8)
  Dowan (D:5)
  6 killer bees (D:7)
  2 orc priests
  Jessica (D:3)
  2 iguanas
  6 orc wizards
  A hound skeleton (D:6)
  6 gnolls
  13 adders
  4 river rats (Sewer)
  2 shadow imps
  2 white imps
  3 worms
  7 dart slugs
  29 orcs
  14 ball pythons
  6 endoplasms
  4 giant cockroaches
  10 goblins
  9 hobgoblins
  7 jackals
  12 kobolds
  3 quokkas
  2 bats
  3 rats
207 creatures vanquished.

Vanquished Creatures (others)
  An orc wizard (D:4)
  An orc (D:7)
2 creatures vanquished.

Grand Total: 209 creatures vanquished

Notes
Turn   | Place    | Note
-------+----------+-------------------------------------------
     0 | D:1      | qw the Gargoyle Hunter began the quest for the Orb.
     0 | D:1      | Reached XP level 1. HP: 12/12 MP: 1/1
     0 | D:1      | 0 ||| qw: Version: 0.3-a-76-g4403597
     0 | D:1      | 0 ||| qw: Game counter: 35
     0 | D:1      | 0 ||| qw: Melee chars always use a shield: true
     0 | D:1      | 0 ||| qw: God list: Okawaru
     0 | D:1      | 0 ||| qw: Allow faded altars: false
     0 | D:1      | 0 ||| qw: Do Orc after clearing Dungeon:15 true
     0 | D:1      | 0 ||| qw: Do second Lair branch before Depths: true
     0 | D:1      | 0 ||| qw: Lair rune preference: random
     0 | D:1      | 0 ||| qw: Goals: Normal
     0 | D:1      | 0 ||| PLANNING D:1-11
   116 | D:1      | Reached XP level 2. HP: 17/17 MP: 2/2
   133 | D:1      | HP: 3/17 [quokka (3)]
   136 | D:1      | HP: 1/17 [quokka (1)]
   322 | D:1      | Found Ven Maon's Antique Armour Boutique.
   328 | D:1      | 328 ||| SHOPLISTING cloak (135 gold, have 24).
   328 | D:1      | 328 ||| SHOPLISTING embroidered robe (111 gold, have 24).
   328 | D:1      | 328 ||| SHOPLISTING pair of boots (135 gold, have 24).
   328 | D:1      | 328 ||| SHOPLISTING runed ring mail (210 gold, have 24).
   437 | D:1      | Reached XP level 3. HP: 21/21 MP: 3/3
   479 | D:1      | 479 ||| UPGRADING to +2 leather armour of cold resistance.
   489 | D:1      | 489 ||| DROPPING +0 leather armour.
   490 | D:1      | 490 ||| READING 2 scrolls labelled YKHAVV REUXAIW.
   493 | D:1      | 493 ||| READING scroll labelled IPLIT SALECSYO.
   494 | D:1      | 494 ||| READING scroll labelled QOCYGA GAXI.
   495 | D:1      | 495 ||| DRINKING 2 fizzy cyan potions.
   496 | D:1      | 496 ||| DROPPING scroll of butterflies.
   521 | D:2      | 521 ||| STAIRDANCE
   526 | D:2      | 526 ||| STAIRDANCE
   529 | D:1      | Reached skill level 5 in Ranged Weapons
   541 | D:2      | 541 ||| STAIRDANCE
   642 | D:2      | Reached skill level 3 in Fighting
   649 | D:2      | Reached XP level 4. HP: 13/28 MP: 4/4
   728 | D:2      | Found a faded altar of an unknown god.
   810 | D:2      | Found Liakh's Assorted Antiques.
   822 | D:2      | 822 ||| SHOPLISTING 2 potions of curing (174 gold, have
                  | 56).
   822 | D:2      | 822 ||| SHOPLISTING 3 scrolls labelled SOGI UCER OREMP (87
                  | gold, have 56).
   822 | D:2      | 822 ||| SHOPLISTING polished shortbow (232 gold, have 56).
   822 | D:2      | 822 ||| BUYING scroll labelled XICHOR ZEYNLEG (29 gold).
   822 | D:2      | Bought a scroll labelled XICHOR ZEYNLEG for 29 gold pieces
   822 | D:2      | 822 ||| SHOPLISTING scroll of teleportation (87 gold, have
                  | 27).
  1446 | D:2      | Found a runed translucent door.
  1447 | D:2      | Noticed Crazy Yiuf
  1450 | D:2      | 1450 ||| UPGRADING to +1 cloak.
  1455 | D:2      | 1455 ||| UPGRADING to amulet of faith.
  1460 | D:2      | 1460 ||| READING 2 scrolls labelled PYSHRU KILICK.
  1461 | D:2      | 1461 ||| READING scroll labelled XICHOR ZEYNLEG.
  1462 | D:2      | 1462 ||| READING scroll labelled XALIMI KUOLU.
  1463 | D:2      | 1463 ||| READING scroll labelled BIGYRI TALILLA.
  1464 | D:2      | 1464 ||| DROPPING scroll of fear.
  1561 | D:3      | Noticed Sigmund
  1565 | D:3      | 1565 ||| DRINKING potion of curing.
  1565 | D:3      | 1565 ||| (to cure confusion)
  1584 | D:3      | Killed Sigmund
  1585 | D:3      | Reached skill level 7 in Ranged Weapons
  1585 | D:3      | Reached XP level 5. HP: 17/32 MP: 5/5
  1585 | D:3      | Reached XP level 6. HP: 19/37 MP: 6/6
  1652 | D:3      | Found a runed translucent door.
  1699 | D:3      | Noticed Jessica
  1708 | D:3      | Killed Jessica
  1709 | D:3      | Reached skill level 1 in Armour
  1921 | D:3      | Noticed qw's ghost (amateur GrHs)
  1935 | D:3      | Found a runed translucent door.
  2029 | D:3      | Found a basalt altar of Yredelemnul.
  2030 | D:3      | Found a sacrificial altar of Ru.
  2352 | D:3      | 2352 ||| UPGRADING to +0 helmet.
  2357 | D:3      | 2357 ||| READING scroll labelled ITIOLI BURAM.
  2358 | D:3      | 2358 ||| READING scroll labelled ERRA UNURUT.
  2359 | D:3      | 2359 ||| READING scroll labelled PYFFUYFYANG.
  2360 | D:3      | 2360 ||| READING 2 scrolls labelled TUL JACUAMP.
  2361 | D:3      | 2361 ||| READING scroll of enchant weapon.
  2361 | D:3      | 2361 ||| ENCHANTING +1 shortbow of draining.
  2362 | D:3      | 2362 ||| DRINKING 2 sedimented amethyst potions.
  2363 | D:3      | 2363 ||| DRINKING 2 bubbling black potions.
  2364 | D:3      | 2364 ||| READING 3 scrolls of identify.
  2364 | D:3      | 2364 ||| IDENTIFYING smoky green potion
  2365 | D:3      | 2365 ||| DROPPING potion of degeneration.
  2366 | D:3      | 2366 ||| DROPPING potion of brilliance.
  2382 | D:4      | 2382 ||| PLANNING SEWER
  2383 | D:4      | 2383 ||| STAIRDANCE
  2392 | D:4      | 2392 ||| STAIRDANCE
  2396 | D:4      | 2396 ||| STAIRDANCE
  2606 | D:4      | Found Guma's Distillery.
  2624 | D:4      | 2624 ||| BUYING 2 potions of curing (72 gold).
  2624 | D:4      | Bought 2 potions of curing for 72 gold pieces
  2624 | D:4      | 2624 ||| BUYING potion of curing (36 gold).
  2624 | D:4      | Bought a potion of curing for 36 gold pieces
  2624 | D:4      | 2624 ||| SHOPLISTING potion of curing (36 gold, have 24).
  2624 | D:4      | 2624 ||| SHOPLISTING potion of resistance (120 gold, have
                  | 24).
  2631 | D:4      | Found a glowing drain.
  2698 | D:4      | 2698 ||| READING scroll labelled SOGI UCER OREMP.
  2727 | Sewer    | Entered a sewer
  2743 | Sewer    | Reached XP level 7. HP: 43/43 MP: 7/7
  2754 | Sewer    | 2754 ||| READING scroll of brand weapon.
  2754 | Sewer    | 2754 ||| BRANDING +2 shortbow of draining.
  2879 | Sewer    | 2879 ||| READING scroll of brand weapon.
  2879 | Sewer    | 2879 ||| BRANDING +2 shortbow of freezing.
  2954 | Sewer    | 2954 ||| READING scroll of enchant armour.
  2954 | Sewer    | 2954 ||| ENCHANTING +0 helmet.
  3002 | Sewer    | 3002 ||| READING scroll of enchant weapon.
  3002 | Sewer    | 3002 ||| ENCHANTING +2 shortbow of draining.
  3062 | Sewer    | 3062 ||| READING scroll of enchant armour.
  3062 | Sewer    | 3062 ||| ENCHANTING +1 helmet.
  3244 | D:4      | 3244 ||| PLANNING TEMPLE
  3254 | D:4      | Found a staircase to the Ecumenical Temple.
  3270 | Temple   | Entered the Ecumenical Temple
  3271 | Temple   | 3271 ||| PLANNING OKAWARU WORSHIP
  3279 | Temple   | Became a worshipper of Warmaster Okawaru
  3280 | Temple   | 3280 ||| PLANNING D:1-11
  3578 | D:4      | 3578 ||| Stepping ~*~*~tactically~*~*~ (outnumbered).
  3580 | D:4      | 3580 ||| Stepping ~*~*~tactically~*~*~ (outnumbered).
  3589 | D:4      | 3589 ||| DRINKING 3 potions of curing.
  3589 | D:4      | 3589 ||| (to cure confusion)
  3599 | D:4      | Reached skill level 8 in Ranged Weapons
  4010 | D:4      | 4010 ||| READING scroll labelled VEM EHEUFRA.
  4011 | D:4      | 4011 ||| READING 4 scrolls of identify.
  4011 | D:4      | 4011 ||| IDENTIFYING amethyst potion
  4026 | D:5      | Entered Level 5 of the Dungeon
  4064 | D:5      | Found a radiant altar of Vehumet.
  4197 | D:5      | Reached * piety under Okawaru
  4198 | D:5      | 4198 ||| INVOKING Heroism.
  4366 | D:5      | Noticed Menkaure
  4367 | D:5      | 4367 ||| INVOKING Heroism.
  4369 | D:5      | Killed Menkaure
  4370 | D:5      | Reached XP level 8. HP: 49/49 MP: 5/8
  4410 | D:5      | Found a broken altar of Ashenzari.
  4471 | D:5      | Noticed Eustachio
  4472 | D:5      | 4472 ||| INVOKING Heroism.
  4479 | D:5      | 4479 ||| RETREATING.
  4484 | D:5      | 4484 ||| FLEEEEING.
  4485 | D:5      | 4485 ||| FLEEEEING.
  4486 | D:5      | 4486 ||| FLEEEEING.
  4487 | D:5      | 4487 ||| FLEEEEING.
  4488 | D:5      | 4488 ||| FLEEEEING.
  4489 | D:5      | 4489 ||| FLEEEEING.
  4490 | D:5      | 4490 ||| RETREATING.
  4494 | D:5      | 4494 ||| INVOKING Heroism.
  4505 | D:5      | Killed Eustachio
  4506 | D:5      | Reached skill level 1 in Invocations
  4587 | D:5      | Found Fovy's Tremendous Tomes.
  4611 | D:5      | Noticed Duvessa
  4611 | D:5      | Noticed Dowan
  4612 | D:5      | 4612 ||| INVOKING Heroism.
  4616 | D:5      | Killed Dowan
  4626 | D:5      | Killed Duvessa
  4627 | D:5      | Reached skill level 9 in Ranged Weapons
  4969 | D:5      | Reached skill level 3 in Invocations
  4990 | D:5      | 4990 ||| READING 3 scrolls of identify.
  4990 | D:5      | 4990 ||| IDENTIFYING glowing amethyst potion
  5311 | D:6      | 5311 ||| INVOKING Heroism.
  5320 | D:6      | Reached skill level 6 in Fighting
  5463 | D:6      | Found a burning altar of Makhleb.
  5478 | D:6      | Reached ** piety under Okawaru
  5618 | D:6      | 5618 ||| READING scroll of enchant armour.
  5618 | D:6      | 5618 ||| ENCHANTING +1 cloak.
  5627 | D:6      | 5627 ||| READING 5 scrolls of identify.
  5627 | D:6      | 5627 ||| IDENTIFYING lumpy grey potion
  5628 | D:6      | 5628 ||| READING 4 scrolls of identify.
  5628 | D:6      | 5628 ||| IDENTIFYING bubbling sapphire potion
  5750 | D:7      | 5750 ||| RETREATING.
  5755 | D:7      | 5755 ||| Stepping ~*~*~tactically~*~*~ (retreating).
  5756 | D:7      | 5756 ||| Stepping ~*~*~tactically~*~*~ (retreating).
  5762 | D:7      | Reached XP level 9. HP: 51/55 MP: 12/12
  5778 | D:7      | 5778 ||| INVOKING Heroism.
  5799 | D:7      | Reached skill level 10 in Ranged Weapons
  6024 | D:7      | Found a hazy altar of Hepliaklqana.
  6062 | D:7      | 6062 ||| RETREATING.
  6068 | D:7      | Reached skill level 3 in Dodging
  6513 | D:7      | Reached *** piety under Okawaru
  6733 | D:7      | 6733 ||| READING 6 scrolls of identify.
  6733 | D:7      | 6733 ||| IDENTIFYING orange potion
  6734 | D:7      | 6734 ||| READING 5 scrolls of identify.
  6734 | D:7      | 6734 ||| IDENTIFYING clear potion
  6735 | D:7      | 6735 ||| DROPPING potion of attraction.
  6844 | D:8      | 6844 ||| Stepping ~*~*~tactically~*~*~ (outnumbered).
  6845 | D:8      | 6845 ||| Stepping ~*~*~tactically~*~*~ (outnumbered).
  6955 | D:8      | 6955 ||| FLEEEEING.
  6956 | D:8      | 6956 ||| FLEEEEING.
  6957 | D:8      | 6957 ||| FLEEEEING.
  6958 | D:8      | 6958 ||| FLEEEEING.
  6964 | D:8      | 6964 ||| INVOKING Heroism.
  6971 | D:8      | Reached skill level 11 in Ranged Weapons
  6992 | D:8      | 6992 ||| INVOKING Heroism.
  7055 | D:8      | Reached XP level 10. HP: 63/64 MP: 13/13
  7069 | D:8      | 7069 ||| Stepping ~*~*~tactically~*~*~ (retreating).
  7075 | D:8      | 7075 ||| INVOKING Heroism.
  7081 | D:8      | 7081 ||| Stepping ~*~*~tactically~*~*~ (cloud).
  7083 | D:8      | 7083 ||| RETREATING.
  7099 | D:8      | 7099 ||| INVOKING Heroism.
  7124 | D:8      | 7124 ||| INVOKING Heroism.
  7137 | D:8      | Reached skill level 12 in Ranged Weapons
  7213 | D:8      | 7213 ||| SWAPPING to +0 orcbow.
  7218 | D:8      | 7218 ||| DROPPING +3 shortbow of draining.
  7221 | D:8      | Found a staircase to the Lair.
  7258 | D:8      | 7258 ||| Stepping ~*~*~tactically~*~*~ (retreating).
  7259 | D:8      | 7259 ||| Stepping ~*~*~tactically~*~*~ (retreating).
  7260 | D:8      | 7260 ||| Stepping ~*~*~tactically~*~*~ (retreating).
  7262 | D:8      | 7262 ||| Stepping ~*~*~tactically~*~*~ (retreating).
  7263 | D:8      | 7263 ||| Stepping ~*~*~tactically~*~*~ (retreating).
  7485 | D:8      | 7485 ||| INVOKING Heroism.
  7714 | D:8      | Reached **** piety under Okawaru
  7771 | D:8      | 7771 ||| PLANNING LAIR
  7822 | Lair:1   | Entered Level 1 of the Lair of Beasts
  7868 | Lair:1   | Noticed a cane toad
  7869 | Lair:1   | 7869 ||| INVOKING Heroism.
  7874 | Lair:1   | Killed a cane toad
  7899 | Lair:1   | 7899 ||| READING scroll of enchant weapon.
  7899 | Lair:1   | 7899 ||| ENCHANTING +0 orcbow.
  7909 | Lair:1   | 7909 ||| INVOKING Heroism.
  7912 | Lair:1   | Noticed a black mamba
  7926 | Lair:1   | 7926 ||| RETREATING.
  7927 | Lair:1   | 7927 ||| INVOKING Heroism.
  7958 | Lair:1   | Reached skill level 6 in Invocations
  8046 | Lair:1   | Noticed a torpor snail
  8049 | Lair:1   | Noticed a cane toad
  8051 | Lair:1   | 8051 ||| Stepping ~*~*~tactically~*~*~ (retreating).
  8052 | Lair:1   | 8052 ||| INVOKING Heroism.
  8067 | Lair:1   | Reached ***** piety under Okawaru
  8070 | Lair:1   | HP: 16/64 [cane toad (9)]
  8071 | Lair:1   | 8071 ||| READING 5 scrolls of teleportation.
  8075 | Lair:1   | Killed a cane toad
  8076 | Lair:1   | Reached XP level 11. HP: 19/68 MP: 14/16
  8078 | Lair:1   | Reached skill level 13 in Ranged Weapons
  8078 | Lair:1   | 8078 ||| Stepping ~*~*~tactically~*~*~ (retreating).
  8079 | Lair:1   | HP: 17/68 [blink frog (3)]
  8080 | Lair:1   | 8080 ||| READING 4 scrolls of teleportation.
  8081 | Lair:1   | 8081 ||| Stepping ~*~*~tactically~*~*~ (retreating).
  8086 | Lair:1   | 8086 ||| Stepping ~*~*~tactically~*~*~ (retreating).
  8086 | Lair:1   | HP: 14/68 [blink frog (4)]
  8087 | Lair:1   | 8087 ||| READING 3 scrolls of teleportation.
  8087 | Lair:1   | HP: 2/68 [blink frog (13)]
  8088 | Lair:1   | 8088 ||| Stepping ~*~*~tactically~*~*~ (retreating).
  8089 | Lair:1   | 8089 ||| Stepping ~*~*~tactically~*~*~ (retreating).
  8089 | Lair:1   | Noticed a boulder beetle
  8090 | Lair:1   | 8090 ||| READING 2 scrolls of teleportation.
  8093 | Lair:1   | 8093 ||| INVOKING Heroism.
  8095 | Lair:1   | 8095 ||| READING scroll of teleportation.
  8098 | Lair:1   | 8098 ||| Stepping ~*~*~tactically~*~*~ (retreating).
  8099 | Lair:1   | HP: 3/68 [black mamba (2)]
  8100 | Lair:1   | 8100 ||| Stepping ~*~*~tactically~*~*~ (retreating).
  8110 | Lair:1   | 8110 ||| RETREATING.
  8110 | Lair:1   | Slain by a yak

Levels and vault maps discovered:
D:1:      dpeg_arrival_pits, layout_rooms, serial_shops,
          nicolae_shop_pleasant_corner_grove
D:2:      minmay_wonky_spiral, layout_loops_ring, serial_shops, shop,
          shapermc_ecumenical_altar_mp_urbaneastern, uniq_crazy_yiuf_cottage
D:3:      layout_basic, gammafunk_temple_overflow_statue, ebering_ghost_sewer_f,
          kennysheep_small_spiral, uniq_sigmund, uniq_jessica
D:4:      layout_cave_pods, temple_pool_b, serial_shops,
          nicolae_shop_tiny_glass, gup_sewer_entry_glass
D:5:      layout_basic, mainiacjoe_overflow_cross_hatched,
          overflow_temple_1_default, nicolae_shop_i_like_big_books,
          uniq_duvessa, uniq_eustachio, uniq_menkaure
D:6:      layout_loops_cross, makhleb_blood_cavern_becter
D:7:      layout_cave_pods, nicolae_hepliaklqana_hippocampus,
          minmay_misc_feat_pillars
D:8:      layout_loops_cross, minmay_lair_entry_grove, serial_aquarium,
          aquarium_bridge_straight [aquarium_subvault_bridge,
          aquarium_subvault_window, aquarium_subvault_bridge,
          aquarium_subvault_window], aquarium_window_3, aquarium_window_2,
          aquarium_window_2, aquarium_window_fake, aquarium_view_2e,
          aquarium_view_2e, aquarium_pool_2, sigmund_army
Temple:   eino_temple_lava
Lair:1:   layout_misc_corridors, special_room [special_room_bee],
          nzn_sisyphean_effort, grunt_megastairs_3

Skill      XL: |  1  2  3  4  5  6  7  8  9 10 11 |
---------------+----------------------------------+-----
Ranged Weapons | 5 7 8 9 11 12 13 | 13.0
Fighting       | 3 4 5 6 8 |  8.1
Armour         | 1 2 |  2.8
Dodging        | 2 3 4 |  4.0
Invocations    | 4 6 |  6.9
Stealth        | |  1.1

Action                     |  1- 3 |  4- 6 |  7- 9 | 10-12 || total
---------------------------+-------+-------+-------+-------++-------
   Fire: Shortbow          |   102 |   156 |   403 |    48 ||   709
         Orcbow            |       |       |       |   151 ||   151
 Invoke: Heroism           |       |       |     9 |     9 ||    18
    Use: Scroll            |     3 |    11 |    13 |     6 ||    33
         Potion            |     1 |     3 |     1 |       ||     5
 Armour: Leather armour    |    57 |    64 |   171 |    75 ||   367
  Dodge: Dodged            |    52 |    44 |   166 |    66 ||   328

Table legend:
 A = Non-vault XP
 B = Vault XP
 C = Vault XP percentage of total XP
 D = Non-vault monster count
 E = Vault monster count
 F = Vault count percentage of total count
                 A         B        C        D         E       F
            +---------+---------+-------+---------+---------+-------
      Total |    6057 |    3703 |  37.9 |     157 |      51 |  24.5
            +---------+---------+-------+---------+---------+-------
        D:1 |      44 |       0 |   0.0 |      22 |       0 |   0.0
        D:2 |      69 |       4 |   5.5 |      17 |       3 |  15.0
        D:3 |      73 |     260 |  78.1 |      15 |       2 |  11.8
        D:4 |     243 |      44 |  15.3 |      29 |       5 |  14.7
        D:5 |     200 |     589 |  74.7 |      17 |       4 |  19.0
        D:6 |     467 |     107 |  18.6 |       8 |       2 |  20.0
        D:7 |    1451 |       0 |   0.0 |      24 |       0 |   0.0
        D:8 |    1050 |    1914 |  64.6 |      14 |      19 |  57.6
     Lair:1 |    2460 |     590 |  19.3 |      11 |       2 |  15.4
      Sewer |       0 |     195 | 100.0 |       0 |      14 | 100.0
            +---------+---------+-------+---------+---------+-------
